AoeStats
← Justus Jonas

Arabia

509882891Analyzed
1v1 RM · 4d ago on Sep 28, 2026· 37m 4s· 2 players
Game mode
Random Map
Map size
Tiny (2 player)
Population
200
Speed
Normal
Resources
Standard
Victory
Conquest
Starting age
Dark Age
Ending age
Imperial Age
RankedLock teamsTeams togetherTeam positionsShared explorationLock speedFull tech treeHidden civsTurbo modeCheats
Victory
Defeat
🇩🇪 Franks · Germany
1305
+15
🇹🇼 Varangians · Taiwan
1284
-15
fatelai1017
8:25 Feudal Age
7:18 Loom
9:10 Double-Bit Axe
13:13 Horse Collar
17:28 Gold Mining
20:09 Castle Age
19:40 Bloodlines
20:20 Scale Barding Armor
20:31 Forging
21:15 Bow Saw
23:51 Chain Barding Armor
25:28 Heavy Plow
25:33 Stone Mining
29:42 Iron Casting
32:25 Fletching
35:37 Wheelbarrow
Justus Jonas
10:10 Feudal Age
14:20 Castle Age
17:05 Wheelbarrow
19:30 Double-Bit Axe
22:28 Scale Barding Armor
23:47 Forging
26:27 Chain Barding Armor
26:55 Man-at-Arms
29:46 Husbandry
35:14 Iron Casting
35:00 Hand Cart
Connection lost

Rejoining the realm…

Still unreachable

The connection could not be restored.

Session expired

The server has moved on; the page needs a fresh start.